 Dungeon Crawl Stone Soup version 0.31.0-9-g3a7656b989 (webtiles) character file.

Game seed: 10344309718576954485

84 qw the Shooter (level 4, -6/22 HPs)
             Began as a Spriggan Hunter on Feb 2, 2024.
             Killed from afar by Natasha (8 damage)
             ... with a magic dart
             ... on level 2 of the Dungeon.
             The game lasted 00:00:03 (803 turns).

qw the Shooter (Spriggan Hunter)                     Turns: 803, Time: 00:00:03

Health: -6/22      AC:  2    Str:  7    XL:     4   Next: 24%
Magic:  5/5        EV: 20    Int: 10    God:
Gold:   47         SH:  0    Dex: 20    Spells: 3/3 levels left

rFire   . . .        a - +0 shortbow
rCold   . . .        (shield currently unavailable)
rNeg    . . .        c - +0 robe
rPois   +            (helmet restricted)
rElec   .            (no cloak)
rCorr   .            (gloves unavailable)
SInv    +            (boots unavailable)
Will    .....        (no amulet)
Stlth   ++           j - ring of poison resistance
HPRegen 0.23/turn    (no ring)
MPRegen 0.09/turn

%: no passive effects
@: very quick
A: very small, no large weapons, unfitting armour, see invisible, speed 3
a: no special abilities


You were on level 2 of the Dungeon.
You visited 1 branch of the dungeon, and saw 2 of its levels.

You collected 47 gold pieces.


Innate Abilities, Weirdness & Mutations

You are very small and have problems with some larger weapons.
You are too small for most types of armour.
You have supernaturally acute eyesight. (SInv)
You cover ground extremely quickly. (Speed+++)


   Skills:
 - Level 1.5 Fighting
 - Level 5.0 Ranged Weapons
 + Level 4.6 Dodging
 - Level 1.5 Stealth


You had 3 spell levels left.
You didn't know any spells.
Your spell library was empty.

Inventory:

Hand Weapons
 a - a +0 shortbow (weapon)
Armour
 c - a +0 robe (worn)
Jewellery
 j - a ring of poison resistance (left hand)
Scrolls
 b - a scroll of blinking {unknown}
Potions
 f - a potion of cancellation

Dungeon Overview and Level Annotations

Branches:
Dungeon (2/15)

Altars:

Annotations:
D:2 Natasha


Message History

You shoot an arrow. The arrow hits the ball python.
You kill the ball python!
The adder completely misses you. The adder closely misses you.
You shoot an arrow. The arrow hits the adder.
The adder is moderately wounded.
The adder completely misses you.
You shoot an arrow. The arrow hits the adder.
The adder is heavily wounded.
The adder bites you. The adder closely misses you.
You shoot an arrow. The arrow hits the adder.
The adder is severely wounded.
The adder completely misses you.
You shoot an arrow. The arrow barely misses the adder.
The adder barely misses you. The adder bites you.
You shoot an arrow. The arrow misses the adder.
The adder bites you.
You shoot an arrow. The arrow barely misses the adder.
The adder misses you. The adder closely misses you.
You shoot an arrow. The arrow misses the adder.
The adder completely misses you.
You shoot an arrow. The arrow hits the adder.
You kill the adder!
You start resting.
Natasha, Servant of Life and Death comes into view.
You shoot an arrow.
Natasha hisses angrily.
The arrow hits Natasha.
Natasha is lightly wounded.
Natasha casts a spell at you. The magic dart hits you!
You shoot an arrow. The arrow hits Natasha.
Natasha is moderately wounded.
Natasha casts a spell at you. The magic dart hits you!
You shoot an arrow. The arrow hits Natasha.
Natasha is heavily wounded.
Natasha casts a spell at you. The magic dart hits you!
You die...
Natasha curls up and begins to purr.

.......# ##.##.........
....... #....
.##......... ......#
#.... .##........#
....##.##....
#.....#.### ##.#....#
#####..#.# ...h....#
.... #....### #.....#
.... #.......
##.....#..7 #.......
#.....@'..7 +.....#.
#.....)#..7 #.###...
##.....%# .... #######.
..:...>.# .... #.......
..#.....#########......#
. #.........#..........#
............#..........#
...#........#..........#
...##.......#..........#


You could see Natasha.

Vanquished Creatures
  Natasha (D:2)
  3 adders (D:2)
  5 bats (D:1)
  4 giant cockroaches
  3 goblins
  3 hobgoblins (D:1)
  A quokka (D:1)
  3 ball pythons
  3 frilled lizards (D:1)
  3 kobolds (D:1)
  5 rats (D:1)
34 creatures vanquished.

Notes
Turn   | Place    | Note
-------+----------+-------------------------------------------
     0 | D:1      | qw the Spriggan Hunter began the quest for the Orb.
     0 | D:1      | Reached XP level 1. HP: 10/10 MP: 2/2
     0 | D:1      | 0 ||| qw: Version: 0.3-a-155-g5e7d8dd
     0 | D:1      | 0 ||| qw: Game counter: 1990
     0 | D:1      | 0 ||| qw: Melee chars always use a shield: true
     0 | D:1      | 0 ||| qw: God list: Okawaru
     0 | D:1      | 0 ||| qw: Allow faded altars: false
     0 | D:1      | 0 ||| qw: Do Orc after clearing Dungeon:15 true
     0 | D:1      | 0 ||| qw: Do second Lair branch before Depths: true
     0 | D:1      | 0 ||| qw: Lair rune preference: random
     0 | D:1      | 0 ||| qw: Goals: Normal
     0 | D:1      | 0 ||| PLANNING D:1-11
    34 | D:1      | Reached skill level 3 in Dodging
    91 | D:1      | Reached XP level 2. HP: 14/14 MP: 3/3
   635 | D:1      | 635 ||| UPGRADING to ring of poison resistance.
   636 | D:1      | 636 ||| READING scroll labelled HAADUWI VACKIAPU.
   637 | D:1      | 637 ||| READING 2 scrolls labelled GAROFO ISIPN.
   637 | D:1      | 637 ||| IDENTIFYING bubbling emerald potion
   638 | D:1      | 638 ||| READING scroll of identify.
   638 | D:1      | 638 ||| IDENTIFYING glowing clear potion
   639 | D:1      | 639 ||| READING scroll labelled ZOHUOF WUACUI.
   642 | D:1      | 642 ||| READING scroll labelled CITARPHUQEE.
   643 | D:1      | 643 ||| DROPPING scroll of butterflies.
   644 | D:1      | 644 ||| DROPPING potion of degeneration.
   699 | D:2      | Reached XP level 3. HP: 18/18 MP: 4/4
   704 | D:2      | Noticed Natasha
   712 | D:2      | Killed Natasha
   713 | D:2      | Reached skill level 5 in Ranged Weapons
   776 | D:2      | Reached XP level 4. HP: 22/22 MP: 5/5
   800 | D:2      | Noticed Natasha
   802 | D:2      | HP: 2/22 [Natasha/magic dart (8)]
   803 | D:2      | Killed from afar by Natasha

Levels and vault maps discovered:
D:1:      elethiomel_arrival_infinity_welcomes_careful_drivers, layout_rooms
D:2:      layout_rooms, serial_shops, shop, kennysheep_generic_room_11,
          uniq_natasha

Skill      XL: |  1  2  3 |
---------------+----------+-----
Dodging        | 3 4 |  4.6
Ranged Weapons | 5 |  5.0
Fighting       | |  1.5
Stealth        | |  1.5

Action                     |  1- 3 |  4- 6 || total
---------------------------+-------+-------++-------
   Fire: Shortbow          |    89 |    15 ||   104
    Use: Scroll            |     5 |       ||     5
 Armour: Robe              |     6 |     6 ||    12
  Dodge: Dodged            |    27 |    10 ||    37

Table legend:
 A = Non-vault XP
 B = Vault XP
 C = Vault XP percentage of total XP
 D = Non-vault monster count
 E = Vault monster count
 F = Vault count percentage of total count
                 A         B        C        D         E       F
            +---------+---------+-------+---------+---------+-------
      Total |      70 |      51 |  42.1 |      31 |       3 |   8.8
            +---------+---------+-------+---------+---------+-------
        D:1 |      36 |       0 |   0.0 |      25 |       0 |   0.0
        D:2 |      34 |      51 |  60.0 |       6 |       3 |  33.3
            +---------+---------+-------+---------+---------+-------
